 Dungeon Crawl Stone Soup version 0.31.0-9-g3a7656b989 (webtiles) character file.

Game seed: 2119835487847418889

145 qw the Shooter (level 5, -2/26 HPs)
             Began as a Spriggan Hunter on Feb 2, 2024.
             Incinerated by a bombardier beetle (5 damage)
             ... with a burning spray
             ... on level 3 of the Dungeon.
             The game lasted 00:00:07 (1429 turns).

qw the Shooter (Spriggan Hunter)                    Turns: 1429, Time: 00:00:07

Health: -2/26      AC:  2    Str:  7    XL:     5   Next: 6%
Magic:  6/6        EV: 20    Int: 11    God:
Gold:   57         SH:  0    Dex: 20    Spells: 4/4 levels left

rFire   . . .        a - +0 shortbow
rCold   . . .        (shield currently unavailable)
rNeg    . . .        c - +0 robe
rPois   .            (helmet restricted)
rElec   .            (no cloak)
rCorr   .            (gloves unavailable)
SInv    +            (boots unavailable)
Will    .....        (no amulet)
Stlth   +            (no ring)
HPRegen 0.24/turn    (no ring)
MPRegen 0.10/turn

%: no passive effects
@: on fire, glowing, very quick
A: very small, no large weapons, unfitting armour, see invisible, speed 3
a: no special abilities


You were on level 3 of the Dungeon.
You visited 1 branch of the dungeon, and saw 3 of its levels.

You collected 57 gold pieces.


Innate Abilities, Weirdness & Mutations

You are very small and have problems with some larger weapons.
You are too small for most types of armour.
You have supernaturally acute eyesight. (SInv)
You cover ground extremely quickly. (Speed+++)


   Skills:
 - Level 2.1 Fighting
 + Level 5.1 Ranged Weapons
 - Level 5.0 Dodging
 - Level 1.5 Stealth


You had 4 spell levels left.
You didn't know any spells.
Your spell library was empty.

Inventory:

Hand Weapons
 a - a +0 shortbow (weapon)
Armour
 c - a +0 robe (worn)
 d - a +0 cloak
Potions
 b - a potion of attraction {unknown}
 e - a potion of cancellation {unknown}
 h - a potion of curing {unknown}

Dungeon Overview and Level Annotations

Branches:
Dungeon (3/15)

Altars:
Uskayaw


Message History

The arrow hits the ribbon worm but does no damage.
The ribbon worm is almost dead.
You shoot an arrow. The arrow hits the ribbon worm.
You kill the ribbon worm!
You shoot an arrow.
The arrow closely misses the giant cockroach.
You shoot an arrow.
The arrow hits the giant cockroach but does no damage.
The giant cockroach barely misses you.
You shoot an arrow.
The arrow barely misses the giant cockroach.
The giant cockroach closely misses you.
You shoot an arrow.
The arrow hits the giant cockroach but does no damage.
The giant cockroach barely misses you.
The bombardier beetle sprays incendiary fluid at you.
The burning spray hits you.
You are covered in liquid fire!
The giant cockroach bites you.
You shoot an arrow. The arrow hits the giant cockroach.
You kill the giant cockroach!
The liquid fire burns you!
You shoot an arrow.
The arrow hits the bombardier beetle but does no damage.
The liquid fire burns you!
You shoot an arrow.
The arrow hits the bombardier beetle but does no damage.
The liquid fire burns you!
You shoot an arrow.
The arrow barely misses the bombardier beetle.
The liquid fire burns you! The bombardier beetle misses you.
You shoot an arrow.
The arrow hits the bombardier beetle but does no damage.
The liquid fire burns you!
The bombardier beetle closely misses you.
You shoot an arrow. The arrow hits the bombardier beetle.
The bombardier beetle is moderately wounded.
The liquid fire burns you!
You die...

#........ #........
#.....).. #....%...
#........ #.......
###.B.##...
###..@%......
########...........#
.............####.#
###%.#..##.#.#
#.#..##..#.#
#.....##.# #..####
.# # #####..# ##
#.#...>..###...


You could see a bombardier beetle.

Vanquished Creatures
  Terence (D:2)
  3 adders (D:2)
  5 dart slugs
  2 ribbon worms (D:3)
  2 ball pythons (D:1)
  5 bats
  7 endoplasms
  2 giant cockroaches
  9 goblins
  6 hobgoblins
  9 jackals
  6 quokkas
  5 frilled lizards
  6 kobolds
  5 rats
73 creatures vanquished.

Notes
Turn   | Place    | Note
-------+----------+-------------------------------------------
     0 | D:1      | qw the Spriggan Hunter began the quest for the Orb.
     0 | D:1      | Reached XP level 1. HP: 10/10 MP: 2/2
     0 | D:1      | 0 ||| qw: Version: 0.3-a-155-g5e7d8dd
     0 | D:1      | 0 ||| qw: Game counter: 552
     0 | D:1      | 0 ||| qw: Melee chars always use a shield: true
     0 | D:1      | 0 ||| qw: God list: Okawaru
     0 | D:1      | 0 ||| qw: Allow faded altars: false
     0 | D:1      | 0 ||| qw: Do Orc after clearing Dungeon:15 true
     0 | D:1      | 0 ||| qw: Do second Lair branch before Depths: true
     0 | D:1      | 0 ||| qw: Lair rune preference: random
     0 | D:1      | 0 ||| qw: Goals: Normal
     0 | D:1      | 0 ||| PLANNING D:1-11
    51 | D:1      | Reached skill level 3 in Dodging
   156 | D:1      | Reached XP level 2. HP: 14/14 MP: 3/3
   392 | D:1      | Reached XP level 3. HP: 17/18 MP: 4/4
   618 | D:1      | 618 ||| READING scroll labelled JAOREK HE XIC.
   619 | D:1      | 619 ||| DROPPING scroll of butterflies.
   698 | D:2      | Identified the +6 hand axe "Ruhushuso" {holy, Dex+3}
   752 | D:2      | Found a hide-covered altar of Uskayaw.
   787 | D:2      | Reached XP level 4. HP: 22/22 MP: 5/5
  1106 | D:2      | 1106 ||| DROPPING ring of wizardry.
  1107 | D:2      | 1107 ||| READING scroll labelled XINKIH PELULEI.
  1108 | D:2      | 1108 ||| READING 2 scrolls labelled NUYVVA BESTRIORPH.
  1209 | D:2      | 1209 ||| DROPPING scroll of vulnerability.
  1225 | D:3      | Noticed Terence
  1226 | D:3      | 1226 ||| STAIRDANCE
  1235 | D:3      | 1235 ||| STAIRDANCE
  1237 | D:2      | HP: 2/22 [Terence/+0 falchion of holy wrath (5)]
  1248 | D:2      | Killed Terence
  1401 | D:3      | Reached XP level 5. HP: 26/26 MP: 6/6
  1428 | D:3      | HP: 3/26 [burnt (5)]
  1429 | D:3      | Incinerated by a bombardier beetle

Levels and vault maps discovered:
D:1:      mainiacjoe_arrival_reflecting_pool, layout_basic, minivault_24
D:2:      layout_rooms, basic_altar
D:3:      layout_rooms, uniq_terence

Skill      XL: |  1  2  3  4 |
---------------+-------------+-----
Dodging        | 3 4 5 |  5.0
Ranged Weapons | 5 |  5.1
Fighting       | 2 |  2.1
Stealth        | |  1.5

Action                     |  1- 3 |  4- 6 || total
---------------------------+-------+-------++-------
   Fire: Shortbow          |   124 |    93 ||   217
    Use: Scroll            |     1 |     2 ||     3
 Armour: Robe              |    14 |    14 ||    28
  Dodge: Dodged            |    37 |    42 ||    79

Table legend:
 A = Non-vault XP
 B = Vault XP
 C = Vault XP percentage of total XP
 D = Non-vault monster count
 E = Vault monster count
 F = Vault count percentage of total count
                 A         B        C        D         E       F
            +---------+---------+-------+---------+---------+-------
      Total |     172 |      36 |  17.3 |      72 |       1 |   1.4
            +---------+---------+-------+---------+---------+-------
        D:1 |      58 |       0 |   0.0 |      34 |       0 |   0.0
        D:2 |      88 |      36 |  29.0 |      27 |       1 |   3.6
        D:3 |      26 |       0 |   0.0 |      11 |       0 |   0.0
            +---------+---------+-------+---------+---------+-------
